 Dungeon Crawl Stone Soup version 0.22-a0-93-g6b88ebb (webtiles) character file.

19 KarmaPolice the Vandal (level 2, 0/19 HPs)
             Began as a Halfling Hunter on Jan 24, 2018.
             Succumbed to an adder's poison
             ... on level 2 of the Dungeon.
             The game lasted 00:03:06 (1318 turns).

KarmaPolice the Vandal (Halfling Hunter)            Turns: 1318, Time: 00:03:07

Health: 0/19       AC:  3    Str: 13    XL:     2   Next: 95%
Magic:  2/2        EV: 14    Int:  9    God:
Gold:   61         SH:  0    Dex: 14    Spells: 1/1 levels left

rFire    . . .     SeeInvis .   b - +0 short sword
rCold    . . .     Gourm    .   (shield restricted)
rNeg     . . .     Faith    .   c - +0 leather armour
rPois    .         Spirit   .   (no helmet)
rElec    .         Reflect  .   (no cloak)
rCorr    .         Harm     .   (no gloves)
MR       .....                  (no boots)
Stlth    +.........             (no amulet)
HPRegen  0.06/turn              (no ring)
MPRegen  0.08/turn              (no ring)

@: lethally poisoned (0 -> -4)
A: small, mutation resistance 1
a: no special abilities


You were on level 2 of the Dungeon.
You were not hungry.

You visited 1 branch of the dungeon, and saw 2 of its levels.

You collected 61 gold pieces.

Inventory:

Hand Weapons
 a - a +1 hunting sling
 b - a +0 short sword (weapon)
Missiles
 d - 20 sling bullets
 e - 76 stones (quivered)
Armour
 c - a +0 leather armour (worn)
Jewellery
 p - an uncursed ring of stealth {unknown}
Scrolls
 g - 2 scrolls of teleportation {unknown}
 h - a scroll of identify {unknown}
 i - a scroll of fog {unknown}
 k - a scroll of fear {unknown}
 l - a scroll of remove curse {unknown}
Potions
 j - a potion of flight {unknown}
 m - a potion of mutation {unknown}
 o - a potion of resistance {unknown}
Comestibles
 f - a ration


   Skills:
 + Level 2.2 Fighting
 + Level 1.4 Short Blades
 + Level 6.2 Slings
 - Level 2.1 Dodging
 - Level 1.1 Stealth


You had one spell level left.
You didn't know any spells.

Dungeon Overview and Level Annotations

Branches:
Dungeon (2/15)

Altars:


Innate Abilities, Weirdness & Mutations

You are small and have problems with some larger weapons.
You are somewhat resistant to further mutation.


Message History

You are lethally poisoned!
The adder poisons you!
You miss the adder.
The adder is heavily wounded.
You feel sick. The adder misses you.
You hit the adder but do no damage.
The adder is heavily wounded.
The adder bites you but does no damage. The adder bites you.
* * * LOW HITPOINT WARNING * * *
You closely miss the adder.
The adder is heavily wounded.
* * * LOW HITPOINT WARNING * * *
You feel sick. The adder closely misses you.
You completely miss the adder.
The adder is heavily wounded.
The adder bites you.
* * * LOW HITPOINT WARNING * * *
You barely miss the adder.
The adder is heavily wounded.
You die...

..)...##########
...##...........
................
..####..............
....##....<.#
#....##...#
#...###)..#
#.#.....<.#
#@#####...# #S#
#...# #[. #...# ####
#####


You could see an adder.

Vanquished Creatures
  3 bats (D:1)
  A giant cockroach (D:1)
  3 goblins (D:1)
  4 hobgoblins
  2 frilled lizards (D:1)
  2 kobolds (D:1)
  3 rats (D:1)
18 creatures vanquished.

Notes
Turn   | Place    | Note
-------+----------+-------------------------------------------
     0 | D:1      | KarmaPolice the Halfling Hunter began the quest for the Orb.
     0 | D:1      | Reached XP level 1. HP: 14/14 MP: 1/1
   126 | D:1      | Reached skill level 6 in Slings
   167 | D:1      | Reached XP level 2. HP: 9/19 MP: 2/2
   171 | D:1      | Reached skill level 1 in Short Blades
  1318 | D:2      | Succumbed to an adder's poison

Vault maps used:
D:1:      minmay_arrival_semitransparent, serial_bayou_pond_b

Skill      XL: |  1  2 |
---------------+-------+-----
Fighting       | 2 |  2.2
Slings         | 6 |  6.2
Short Blades   | 1 |  1.4
Dodging        | |  2.1
Stealth        | |  1.1

Action                   || total
-------------------------++-------
Melee: Short sword       ||    81
 Stab: Sleeping          ||     1
  Eat: Chunk             ||     1
Armor: Leather armour    ||    22
Dodge: Dodged            ||    86

Table legend:
 A = Spawn XP
 B = Non-spawn XP
 C = Spawn XP percentage of total XP
 D = Spawn monster count
 E = Non-spawn monster count
 F = Spawn count percentage of total count
 G = Total turns spent on level
                    A         B        C        D         E        F      G
               +---------+---------+-------+---------+---------+-------+---------
         Total |       0 |      28 |   0.0 |       0 |      18 |   0.0 |  1318
               +---------+---------+-------+---------+---------+-------+---------
           D:1 |       0 |      26 |   0.0 |       0 |      17 |   0.0 |  1287
           D:2 |       0 |       2 |   0.0 |       0 |       1 |   0.0 |    31
               +---------+---------+-------+---------+---------+-------+---------
